 Dungeon Crawl Stone Soup version 0.19.1-1-g22dce08 (webtiles) character file.

1743 M4edhros the Insei (level 9, 0/62 HPs)
             Began as an Octopode Necromancer on Jan 5, 2017.
             Slain by an orc warrior
             ... wielding a +0 dire flail
              (16 damage)
             ... on level 8 of the Dungeon.
             The game lasted 00:12:16 (2410 turns).

M4edhros the Insei (Octopode Necromancer)           Turns: 2410, Time: 00:12:16

Health: 0/62       AC:  8    Str:  7    XL:     9   Next: 5%
Magic:  4/12       EV: 17    Int: 17    God:
Gold:   219        SH:  0    Dex: 16    Spells: 3 memorised, 7 levels left

rFire  . . .     SeeInvis .     s - +0 trident (protect)
rCold  . . .     Gourm    .     (no shield)
rNeg   . . .     Faith    .     (helmet restricted)
rPois  .         Spirit   .     (no amulet)
rElec  .         Reflect  .     (no ring)
rCorr  .         Harm     .     (no ring)
MR     .....                    (no ring)
Stlth  +++.......               (no ring)
                                (no ring)
                                (no ring)
                                (no ring)
                                (no ring)

@: protection aura, very slightly contaminated
A: almost no armour, stealthy swim, amphibious, 8 rings, constrict 8, camouflage
1, gelatinous body 1
a: no special abilities


You were on level 8 of the Dungeon.
You were not hungry.

You visited 2 branches of the dungeon, and saw 9 of its levels.

You collected 219 gold pieces.

Inventory:

Hand Weapons
 c - a +1 hand axe of chopping
 s - a +0 trident of protection (weapon)
Missiles
 g - 4 silver tomahawks
 j - a throwing net (quivered)
Magical Staves
 h - an uncursed staff of earth
Wands
 d - a wand of iceblast (5/15)
 i - a wand of slowing (25/48)
 l - a wand of teleportation (1/9)
 n - a wand of flame (24/48)
 q - a wand of polymorph (12/24)
 t - a wand of flame (19/48)
 v - a wand of slowing (11/48)
 x - a wand of teleportation (5/9)
Scrolls
 e - a scroll of recharging
 k - a scroll of remove curse
 m - a scroll of noise
 o - a scroll of enchant weapon
Potions
 r - a potion of curing
Books
 a - a book of Necromancy

   Spells                             Type                      Level
   a - Pain                           Necromancy                   1
   b - Animate Skeleton               Necromancy                   1
   c - Vampiric Draining              Necromancy                   3
   d - Regeneration                   Charms/Necromancy            3
   e - Animate Dead                   Necromancy                   4
   f - Control Undead                 Necromancy                   4
 u - a book of the Tempests

   Spells                             Type                      Level
   a - Static Discharge               Conjuration/Air              3
   b - Lightning Bolt                 Conjuration/Air              5
   c - Fireball                       Conjuration/Fire             5
   d - Tornado                        Air                          9
   e - Shatter                        Earth                        9
Comestibles
 b - 5 bread rations
 f - a slice of pizza
 p - a meat ration
 w - 6 chunks of flesh


   Skills:
 + Level 5.6 Fighting
 + Level 6.0 Dodging
 - Level 2.6 Stealth
 + Level 7.6 Unarmed Combat
 - Level 2.0 Spellcasting
 - Level 4.0 Necromancy


You had 7 spell levels left.
You knew the following spells:

 Your Spells              Type           Power        Failure   Level  Hunger
a - Pain                  Necr           ###.         3%          1    #......
b - Animate Skeleton      Necr           N/A          3%          1    #......
c - Regeneration          Chrm/Necr      #.........   24%         3    ###....


Dungeon Overview and Level Annotations

Branches:
Dungeon (8/15)             Temple (1/1) D:6
   Lair: D:8-11

Altars:
Ashenzari
Dithmenos
Elyvilon
Fedhas
Gozag
Kikubaaqudgha
Makhleb
Qazlal
Ru
Sif Muna
Uskayaw
Vehumet
Xom
Zin
The Shining One

Annotations:
D:3 Natasha


Innate Abilities, Weirdness & Mutations

You cannot wear most types of armour.
You are very stealthy in the water. (Stealth+)
You are amphibious.
You can wear up to eight rings at the same time.
You can use your tentacles to constrict eight enemies at once.
Your skin changes colour to match your surroundings (Stealth+).
Your rubbery body absorbs attacks. (AC +1, EV +1)


Message History

You squeeze the orc warrior.
The orc warrior is heavily wounded.
You constrict the orc warrior, but do no damage.
The orc warrior hits you with a dire flail!
* * * LOW HITPOINT WARNING * * *
You barely miss the orc warrior.
The orc warrior is heavily wounded.
You constrict the orc warrior, but do no damage.
The orc warrior completely misses you.
You hit the orc warrior but do no damage.
You squeeze the orc warrior.
The orc warrior is heavily wounded.
You constrict the orc warrior, but do no damage.
Unknown command.
You hit the orc warrior but do no damage.
You squeeze the orc warrior, but do no damage.
The orc warrior is heavily wounded.
You constrict the orc warrior, but do no damage.
The orc warrior hits you with a dire flail!
You die...

.......
#.......
#......## ###
#.......#
#.####........
##@o##........
###o.........
##.........
##..###...
#....# ###o.#
##.# #.## #..#


You could see an orc warrior and an orc.

Vanquished Creatures
  A two-headed ogre (D:7)
  A hippogriff (D:7)
  Eustachio (D:6)
  A spriggan (D:7)
  A water moccasin (D:7)
  Blork the orc (D:5)
  3 bullfrogs (D:7)
  2 scorpions
  A jelly (D:6)
  A centaur zombie (D:6)
  A crimson imp (D:7)
  A howler monkey (D:4)
  2 orc priests (D:7)
  A centaur skeleton (D:5)
  2 iguanas
  A worker ant (D:5)
  A hound skeleton (D:5)
  A howler monkey zombie (D:7)
  5 adders
  An ooze (D:5)
  An adder skeleton (D:7)
  3 worms
  A leopard gecko (D:2)
  17 orcs
  A ball python (D:3)
  A goblin (D:3)
  A kobold (D:3)
  A quokka (D:5)
  3 bats
  A frilled lizard (D:5)
  A jackal skeleton (D:6)
  A leopard gecko skeleton (D:8)
  4 rats
65 creatures vanquished.

Vanquished Creatures (collateral kills)
  A hornet (D:7)
  2 bats (D:2)
3 creatures vanquished.

Grand Total: 68 creatures vanquished

Notes
Turn   | Place    | Note
-------+----------+-------------------------------------------
     0 | D:1      | M4edhros the Octopode Necromancer began the quest for the Orb.
     0 | D:1      | Reached XP level 1. HP: 11/11 MP: 3/3
    26 | D:2      | Found a shadowy altar of Dithmenos.
    40 | D:2      | Reached skill level 1 in Unarmed Combat
    67 | D:2      | Reached skill level 2 in Unarmed Combat
    67 | D:2      | Reached XP level 2. HP: 7/17 MP: 5/5
   104 | D:2      | Learned a level 1 spell: Animate Skeleton
   229 | D:3      | Reached XP level 3. HP: 8/21 MP: 3/6
   234 | D:3      | Learned a level 3 spell: Regeneration
   250 | D:3      | Found a shimmering altar of Xom.
   352 | D:3      | Noticed Natasha
   366 | D:3      | Reached skill level 3 in Unarmed Combat
   380 | D:3      | Found a stormy altar of Qazlal.
   463 | D:4      | Noticed a scorpion
   478 | D:4      | Killed a scorpion
   478 | D:4      | Reached skill level 4 in Unarmed Combat
   478 | D:4      | Reached XP level 4. HP: 15/27 MP: 7/7
   539 | D:4      | Noticed an ogre
   557 | D:4      | Reached XP level 5. HP: 16/31 MP: 4/8
   748 | D:5      | Entered Level 5 of the Dungeon
   808 | D:5      | Reached skill level 5 in Unarmed Combat
   921 | D:5      | Noticed an ice beast
  1023 | D:5      | Reached skill level 1 in Fighting
  1023 | D:5      | Reached XP level 6. HP: 33/38 MP: 9/9
  1025 | D:5      | Noticed Blork the orc
  1043 | D:5      | Killed Blork the orc
  1081 | D:5      | Found an ancient bone altar of Kikubaaqudgha.
  1128 | D:6      | Noticed Eustachio
  1147 | D:6      | Killed Eustachio
  1147 | D:6      | Reached XP level 7. HP: 26/45 MP: 10/10
  1239 | D:6      | Found a glowing silver altar of Zin.
  1240 | D:6      | Noticed an angel
  1411 | D:6      | Found a staircase to the Ecumenical Temple.
  1427 | Temple   | Entered the Ecumenical Temple
  1606 | D:6      | Reached skill level 6 in Unarmed Combat
  1823 | D:7      | Found a blossoming altar of Fedhas.
  1922 | D:8      | Noticed a slime creature
  1923 | D:8      | Noticed a slime creature
  2011 | D:7      | Reached XP level 8. HP: 17/54 MP: 11/11
  2072 | D:7      | Noticed a spriggan baker
  2077 | D:7      | Killed a spriggan baker
  2077 | D:7      | Reached skill level 5 in Dodging
  2160 | D:7      | Noticed a hornet
  2174 | D:7      | Noticed a hippogriff
  2187 | D:7      | HP: 1/54 [orc/trident (5)]
  2188 | D:7      | Killed a hornet
  2188 | D:7      | Reached skill level 5 in Fighting
  2188 | D:7      | Reached skill level 7 in Unarmed Combat
  2224 | D:7      | Killed a hippogriff
  2344 | D:7      | Noticed a two-headed ogre
  2356 | D:7      | Killed a two-headed ogre
  2356 | D:7      | Reached XP level 9. HP: 14/62 MP: 12/12
  2410 | D:8      | Slain by an orc warrior

Skill      XL: |  1  2  3  4  5  6  7  8 |
---------------+-------------------------+-----
Unarmed Combat | 2 4 5 6 7 |  7.6
Fighting       | 1 2 3 5 |  5.6
Dodging        | 3 4 6 |  6.0
Stealth        | |  2.6
Spellcasting   | |  2.0
Necromancy     | |  4.0

Action                   |  1- 3 |  4- 6 |  7- 9 || total
-------------------------+-------+-------+-------++-------
Melee: Hand axe          |    47 |    48 |    12 ||   107
       Constrict         |    10 |     8 |    27 ||    45
       Punch             |     2 |     2 |     7 ||    11
       Tentacles         |     2 |     8 |    27 ||    37
       Trident           |       |       |   107 ||   107
 Cast: Pain              |     6 |     3 |       ||     9
       Animate Skeleton  |     2 |     1 |     2 ||     5
       Regeneration      |     3 |     7 |    10 ||    20
Evoke: Wand              |       |       |    16 ||    16
  Use: Potion            |     2 |     3 |     5 ||    10
       Scroll            |       |     3 |     8 ||    11
 Stab: Sleeping          |     5 |     4 |     2 ||    11
       Invisible         |     1 |       |       ||     1
  Eat: Chunk             |       |     2 |     7 ||     9
Armor: Skin              |     4 |     2 |    31 ||    37
Dodge: Dodged            |    44 |    36 |   112 ||   192
